 Dungeon Crawl Stone Soup version 0.32-a0-422-g28b100f618 (webtiles) character file.

Game seed: 11438382610438496498

2000 Dittersdorf the Shield-Bearer (level 9, -2/57 HPs)
             Began as a Gargoyle Fighter on Feb 21, 2024.
             Was an Initiate of Gozag.
             Slain by an orc warrior
             ... wielding a +0 glaive
              (7 damage)
             ... on level 6 of the Dungeon.
             The game lasted 00:06:38 (6881 turns).

Dittersdorf the Shield-Bearer (Gargoyle Fighter)    Turns: 6881, Time: 00:06:38

Health: -2/57      AC: 20    Str: 24    XL:     9   Next: 22%
Magic:  9/9        EV: 12    Int:  9    God:    Gozag
Gold:   656        SH:  9    Dex:  9    Spells: 8/8 levels left

rFire   . . .        a - +0 flail
rCold   . . .        x - +0 kite shield
rNeg    + . .        c - +0 chain mail
rPois   ∞            (no helmet)
rElec   +            m - +0 cloak
rCorr   .            z - +0 pair of gloves
SInv    .            r - +0 pair of boots
Will    .....        y - amulet of the acrobat Stlth
                     u - +5 ring of evasion
HPRegen 0.29/turn    (no ring)
MPRegen 0.11/turn

%: acrobat
@: no status effects
A: sickness immunity, AC +6, negative energy resistance 1, electricity
resistance, torment resistance 1, petrification resistance
a: Renounce Religion, Potion Petition, Call Merchant, Bribe Branch


You were on level 6 of the Dungeon.
You worshipped Gozag.
Gozag was pleased with you.
You visited 2 branches of the dungeon, and saw 8 of its levels.

You collected 728 gold pieces.
You paid 72 gold pieces to Gozag.

Inventory:

Hand Weapons
 a - a +0 flail (weapon)
Missiles
 n - 2 throwing nets
Armour
 c - a +0 chain mail (worn)
 m - a +0 cloak (worn)
 r - a +0 pair of boots (worn)
 x - a +0 kite shield (worn)
 z - a +0 pair of gloves (worn)
Jewellery
 u - a +5 ring of evasion (left hand)
 y - an amulet of the acrobat (around neck)
Wands
 t - a wand of flame (26) (quivered)
Scrolls
 e - 6 scrolls of identify {unknown}
 g - 2 scrolls of teleportation {unknown}
 h - a scroll of enchant armour {unknown}
 k - a scroll of revelation {unknown}
 p - a scroll of butterflies {unknown}
 q - 2 scrolls of amnesia {unknown}
 s - a scroll of enchant weapon {unknown}
 v - 2 scrolls of blinking {unknown}
 w - a scroll of vulnerability {unknown}
 A - a scroll of torment {unknown}
Potions
 b - a potion of magic {unknown}
 d - a potion of might
 f - 3 potions of curing {unknown}
 i - 2 potions of enlightenment {unknown}
 j - 2 potions of attraction {unknown}
 l - 2 potions of berserk rage {unknown}
 o - a potion of heal wounds {unknown}
 B - a potion of cancellation {unknown}


   Skills:
 + Level 7.2 Fighting
 + Level 6.1 Maces & Flails
 + Level 7.2 Armour
 + Level 7.3 Shields


You had 8 spell levels left.
You didn't know any spells.
Your spell library contained the following spells:

 Spells                   Type           Power      Damage    Failure   Level
 Foxfire                  Conj/Fire      0%         2x1d4     98%         1
 Plasma Beam              Fire/Air       0%         2x1d10    100%        6
 Starburst                Conj/Fire      0%         6d3       100%        6


Dungeon Overview and Level Annotations

Branches:
Dungeon (7/15)             Temple (1/1) D:4

Altars:
Ashenzari
Cheibriados
Dithmenos
Elyvilon
Fedhas
Gozag
Hepliaklqana
Kikubaaqudgha
Makhleb
Nemelex Xobeh
Okawaru
Qazlal
Ru
Sif Muna
Trog
Uskayaw
Vehumet
Wu Jian
Xom
Yredelemnul
Zin


Innate Abilities, Weirdness & Mutations

You are immune to sickness and miasma.
Your stone body is resilient. (AC +6)
You are immune to poison.
You resist negative energy. (rN+)
You are resistant to electric shocks. (rElec)
You are resistant to unholy torment.
You are immune to petrification.


Message History

The orc priest invokes the aid of Beogh against you.
Beogh smites you!
You climb upwards.
There is a stone staircase leading down here.
You closely miss the orc warrior. You block the orc priest's attack.
You block the orc warrior's attack.
You closely miss the orc priest.
The orc priest mumbles some strange prayers to Beogh against you.
Beogh smites you! The orc warrior completely misses you.
You barely miss the orc priest.
The orc priest looks satisfied for a moment.
You block the orc warrior's attack.
You closely miss the orc priest. The orc priest closely misses you.
You block the orc warrior's attack.
The orc priest hits you but does no damage.
The orc warrior hits you with a +0 glaive!
You hit the orc priest.
The orc priest is heavily wounded.
The orc priest hits you but does no damage.
You block the orc warrior's attack.
You hit the orc priest but do no damage.
The orc priest is heavily wounded.
The orc priest closely misses you.
The orc warrior hits you but does no damage.
You closely miss the orc priest.
The orc priest is heavily wounded.
The orc priest barely misses you.
The orc warrior hits you with a +0 glaive!
* * * LOW HITPOINT WARNING * * *
You hit the orc priest.
The orc priest is heavily wounded.
The orc priest closely misses you. You block the orc warrior's attack.
You barely miss the orc priest.
The orc priest is heavily wounded.
The orc priest calls down the wrath of Beogh upon you.
Beogh smites you!
* * * LOW HITPOINT WARNING * * *
The orc warrior hits you with a +0 glaive!
You die...
Your body crumbles into a pile of gold.

......##......#..[./......##.....
......##.....##..##)..##..##.....
......##.....##..##...##..##.....
##..............>.#.......##..##.
##................#.......######.
##....##...##########.##..##.....
##....###'###########.##.<##.....
'..................#.......#)....
##.............o@o.#.......#.....
##....##..###..######.###+##.....
########..#######..##'##..##+####
##....##..#...............##..###
.......'..'...............#......
......##..###..##...####..##.....
##....##'###############..##...##
##....##....# #...#.....##...##
##....).....# #...+............


You could see an orc warrior and an orc priest.

Vanquished Creatures
  Sigmund (D:2)
  Duvessa (D:4)
  An orc warrior (D:6)
  A black bear (D:6)
  2 ogres
  An ice beast (D:5)
  2 phantoms
  2 bullfrogs
  4 scorpions
  Dowan (D:4)
  A jelly (D:6)
  2 orc priests (D:6)
  A bombardier beetle (D:5)
  A gnoll bouda (D:7)
  A sleepcap (D:6)
  5 iguanas
  3 orc wizards
  11 adders
  5 gnolls (D:7)
  A white imp (D:6)
  2 ufetubi (D:5)
  5 dart slugs
  A ribbon worm (D:2)
  16 orcs
  6 endoplasms
  6 giant cockroaches
  2 goblins
  9 hobgoblins
  5 jackals (D:2)
  3 quokkas
  4 ball pythons
  6 bats
  2 frilled lizards (D:1)
  7 kobolds
  5 rats
126 creatures vanquished.

Notes
Turn   | Place    | Note
-------+----------+-------------------------------------------
     0 | D:1      | Dittersdorf the Gargoyle Fighter began the quest for the
                  | Orb.
     0 | D:1      | Reached XP level 1. HP: 14/14 MP: 1/1
   147 | D:1      | Reached XP level 2. HP: 19/19 MP: 2/2
   533 | D:1      | Reached XP level 3. HP: 22/23 MP: 3/3
   946 | D:2      | Reached XP level 4. HP: 28/29 MP: 4/4
  1093 | D:2      | Noticed Sigmund
  1120 | D:2      | Killed Sigmund
  1121 | D:2      | Reached XP level 5. HP: 6/34 MP: 5/5
  1121 | D:2      | Reached XP level 6. HP: 7/39 MP: 6/6
  2265 | D:3      | Reached skill level 5 in Shields
  2903 | D:4      | Reached skill level 5 in Fighting
  2903 | D:4      | Reached skill level 5 in Armour
  2903 | D:4      | Reached XP level 7. HP: 33/44 MP: 7/7
  3388 | D:4      | Noticed Dowan
  3388 | D:4      | Noticed Duvessa
  3405 | D:4      | Killed Duvessa
  3783 | D:4      | Killed Dowan
  3818 | D:4      | Found a staircase to the Ecumenical Temple.
  3825 | Temple   | Entered the Ecumenical Temple
  3833 | Temple   | Became a worshipper of Gozag Ym Sagoz the Greedy
  4058 | D:5      | Entered Level 5 of the Dungeon
  4432 | D:5      | Reached XP level 8. HP: 51/51 MP: 8/8
  4781 | D:5      | Reached skill level 5 in Maces & Flails
  5425 | D:6      | Identified the +1 leather armour of Rotini {Harm *Slow
                  | Regen+ rCorr}
  5921 | D:6      | Reached XP level 9. HP: 56/56 MP: 9/9
  6881 | D:6      | Slain by an orc warrior

Illustrated notes

Levels and vault maps discovered:
D:1:      saegor_arrival_simple_e, layout_loops_corners, minmay_statues_item
D:2:      layout_basic, uniq_sigmund
D:3:      layout_loops_corners, nrook_campfire, roderic_roman_lattice,
          patterned_corridor
D:4:      layout_loops_cross, minmay_temple_entry_mini_moons, uniq_duvessa
D:5:      layout_basic, chequers_avenue
D:6:      layout_gridville
D:7:      layout_loops_ring, minmay_nine_imps, uniq_pikel
Temple:   regret_index_temple_sigil_plot

Skill      XL: |  1  2  3  4  5  6  7  8  9 |
---------------+----------------------------+-----
Shields        | 4 5 7 |  7.3
Fighting       | 4 5 6 7 |  7.2
Armour         | 4 5 7 |  7.2
Maces & Flails | 3 4 5 6 |  6.1

Action                     |  1- 3 |  4- 6 |  7- 9 || total
---------------------------+-------+-------+-------++-------
  Melee: Flail             |    77 |   174 |   389 ||   640
 Armour: Scale mail        |    48 |   163 |   185 ||   396
         Chain mail        |       |       |   105 ||   105
  Dodge: Dodged            |    50 |    97 |   232 ||   379
  Block: Buckler           |    22 |    44 |    37 ||   103
         Kite shield       |       |       |   149 ||   149

Table legend: (Time is in decaauts)
 A = Elapsed time spent in this place.
 B = Non-inter-level travel time spent in this place.
 C = Inter-level travel time spent in this place.
 D = Time resting spent in this place.
 E = Time spent auto-exploring this place.
 F = Levels seen in this place.
 G = Mean time per level.
                   A        B        C        D        E       F      G
               +--------+--------+--------+--------+--------+-----+--------+
         Total |   7041 |   6691 |    350 |    813 |   4460 |   8 |  880.1 |
       Dungeon |   7025 |   6689 |    336 |    813 |   4460 |   7 | 1003.6 |
        Temple |     16 |      2 |     14 |      0 |      0 |   1 |   16.0 |
               +--------+--------+--------+--------+--------+-----+--------+

Top non-repeatable levels by time:
     D:3: 1546 daAuts
     D:6: 1398 daAuts
     D:5: 1064 daAuts
     D:1: 986 daAuts
     D:4: 916 daAuts
     D:2: 728 daAuts
     D:7: 383 daAuts
  Temple: 16 daAuts
